 Dungeon Crawl Stone Soup version 0.31-a0-750-gfe7b580527 (webtiles) character file.

Game seed: 3177726871767389404

296 ooooo the Conjurer (level 6, 0/39 HPs)
             Began as an Octopode Conjurer on Sept 15, 2023.
             Slain by an iguana (12 damage)
             ... on level 4 of the Dungeon.
             The game lasted 00:06:55 (3345 turns).

ooooo the Conjurer (Octopode Conjurer)              Turns: 3345, Time: 00:06:56

Health: 0/39       AC:  1    Str:  7    XL:     6   Next: 34%
Magic:  0/10       EV: 13    Int: 22    God:
Gold:   266        SH:  0    Dex: 10    Spells: 7/10 levels left

rFire   . . .        q - +0 short sword (venom)
rCold   . . .        (no shield)
rNeg    . . .        (helmet restricted)
rPois   .            (no amulet)
rElec   .            (no ring)
rCorr   .            (no ring)
SInv    .            (no ring)
Will    .....        (no ring)
Stlth   +++          (no ring)
HPRegen 0.26/turn    (no ring)
MPRegen 0.12/turn    (no ring)
                     (no ring)

%: no passive effects
@: no status effects
A: almost no armour, amphibious, 8 rings, camouflage 1, gelatinous body 1,
(nimble swimmer 1), tentacles
a: no special abilities


You were on level 4 of the Dungeon.
You visited 1 branch of the dungeon, and saw 4 of its levels.

You collected 266 gold pieces.

Inventory:

Hand Weapons
 c - a +0 dagger
 f - a +0 short sword
 q - a +0 short sword of venom (weapon)
 r - a +0 dagger of freezing
Talismans
 k - a talisman of death
Scrolls
 b - a scroll of revelation {unknown}
 d - a scroll of immolation {unknown}
 g - 3 scrolls of teleportation {unknown}
 i - a scroll of enchant weapon {unknown}
 j - 4 scrolls of identify {unknown}
 l - a scroll of poison {unknown}
 n - a scroll of enchant armour {unknown}
Potions
 a - a potion of magic
 e - a potion of curing {unknown}
 h - a potion of haste {unknown}
 m - a potion of cancellation {unknown}
 o - 3 potions of invisibility {unknown}
 p - a potion of degeneration {unknown}


   Skills:
 + Level 1.7 Fighting
 + Level 2.8 Dodging
 + Level 3.8 Stealth
 + Level 1.6 Shields
 + Level 2.6 Spellcasting
 + Level 4.6 Conjurations
 + Level 1.4 Hexes
 + Level 1.6 Translocations
 + Level 1.4 Shapeshifting


You had 7 spell levels left.
You knew the following spells:

 Your Spells              Type           Power      Damage    Failure   Level
a - Searing Ray           Conj           46%        2d6       3%          2
b - Magic Dart            Conj           92%        1d7       1%          1

Your spell library contained the following spells:

 Spells                   Type           Power      Damage    Failure   Level
 Apportation              Tloc           20%        N/A       6%          1
 Dazzling Flash           Conj/Hex       32%        N/A       11%         3
 Necrotise                Necr           8%         1d4       13%         1
 Summon Small Mammal      Summ           8%         N/A       13%         1
 Sublimation of Blood     Necr           2%         N/A       19%         2
 Iskenderun's Mystic Bla  Conj/Tloc      16%        2d5       34%         4
 Fulminant Prism          Conj/Hex       8%         3d7       36%         4
 Petrify                  Tmut/Erth      2%         N/A       77%         4
 Irradiate                Conj/Tmut      6%         3d13      80%         5
 Silence                  Hex/Air        3%         N/A       95%         5
 Agony                    Necr           2%         N/A       98%         5


Dungeon Overview and Level Annotations

Branches:
Dungeon (4/15) Zot: 20656
 Temple: D:4-7

Altars:
Dithmenos


Innate Abilities, Weirdness & Mutations

You cannot wear most types of armour.
You are amphibious.
You can wear up to eight rings at the same time.
Your skin changes colour to match your surroundings (Stealth+).
Your rubbery body absorbs attacks. (AC +1, EV +1)
((You are camouflaged when in or above water. (Stealth+)))
You have tentacles for arms and can constrict up to eight enemies at once.


Message History

A giant cockroach comes into view.
The bullfrog hits you but does no damage.
The bullfrog attacks as it pursues you! The bullfrog misses you.
The bullfrog misses you. The bullfrog attacks as it pursues you!
The bullfrog barely misses you. The bullfrog hits you!
Casting: Searing Ray (safe; 3% risk of failure)
Confirm with . or Enter, or press ? or * to list all spells.
Aiming: Searing Ray (safe; 3% risk of failure)
Press: ? - help, Shift-Dir - straight line, f - hound
Aim: a hound (69% to hit)
The searing ray hits the bullfrog.
The bullfrog is severely wounded.
The searing ray hits the hound!
The hound is severely wounded. (Press . to maintain the ray.)
The bullfrog hits you.
The searing ray hits the bullfrog!
You kill the bullfrog!
The searing ray misses the hound.
The hound barely misses you.
You have reached level 6!
The searing ray misses the hound.
The hound closely misses you.
The searing ray hits the hound!
You kill the hound!
You finish channelling your searing ray.
Okay, then.
Okay, then.
Casting: Searing Ray (safe; 3% risk of failure)
Confirm with . or Enter, or press ? or * to list all spells.
Aiming: Searing Ray (safe; 3% risk of failure)
Press: ? - help, Shift-Dir - straight line, f - iguana
Aim: an iguana (81% to hit)
The searing ray hits the iguana.
The iguana is moderately wounded. (Press . to maintain the ray.)
The iguana bites you.
The searing ray hits the iguana.
The iguana is heavily wounded.
The iguana bites you!
You die...

#.....#..####.....#
...............##.####
....#.....#..)........#
....+.....#.......###.#
....#....##....#### #.#
....#.......#....# #.#
......#........#?## #.####
......#.#####.../.###....#
......# #.....#.@l†......#
....#.###.#########......#
.####.....####### ###....#
.#.....#........#
#........
.#.###..........#
.........
.#.#............#
.♣♣.......
.#...##.....†...##..
.......
'##..##............
.......
........#.......###
.......


You could see an iguana.

Vanquished Creatures
  A bullfrog (D:4)
  2 hounds (D:4)
  An orc priest (D:4)
  An iguana (D:4)
  Robin (D:2)
  2 adders
  4 dart slugs
  9 orcs
  3 endoplasms
  A giant cockroach (D:4)
  13 goblins
  6 hobgoblins
  2 jackals (D:2)
  A quokka (D:2)
  11 ball pythons
  4 bats
  4 frilled lizards
  8 kobolds
  5 rats
79 creatures vanquished.

Notes
Turn   | Place    | Note
-------+----------+-------------------------------------------
     0 | D:1      | ooooo the Octopode Conjurer began the quest for the Orb.
     0 | D:1      | Reached XP level 1. HP: 11/11 MP: 3/3
   244 | D:1      | Reached XP level 2. HP: 17/17 MP: 0/5
   838 | D:1      | Reached XP level 3. HP: 20/21 MP: 6/6
   964 | D:2      | HP: 1/22 [dart slug/slug dart (4)]
  1158 | D:2      | Learned a level 2 spell: Searing Ray
  1411 | D:2      | Noticed Robin
  1425 | D:2      | Reached XP level 4. HP: 15/27 MP: 0/7
  1431 | D:2      | Killed Robin
  2375 | D:3      | Reached skill level 1 in Translocations
  2516 | D:3      | Reached skill level 1 in Fighting
  2516 | D:3      | Reached skill level 1 in Shields
  2847 | D:3      | Found a faded altar of an unknown god.
  2932 | D:4      | Found a shadowy altar of Dithmenos.
  2938 | D:4      | Reached skill level 1 in Hexes
  2938 | D:4      | Reached skill level 1 in Shapeshifting
  2938 | D:4      | Reached XP level 5. HP: 30/33 MP: 8/8
  3341 | D:4      | Reached XP level 6. HP: 16/38 MP: 5/9
  3345 | D:4      | Slain by an iguana

Illustrated notes

Levels and vault maps discovered:
D:1:      tarquinn_simple_flora_water_f, layout_loops_cross,
          ebering_dispersal_statue_hall, minmay_tetromino_s2
D:2:      layout_basic, minmay_misc_feat_ornament, uniq_robin
D:3:      layout_basic, dreamdust_ecumenical_altar_hidden_monk_grotto
D:4:      layout_basic, mainiacjoe_overflow_catwalk, chequers_mini_garden,
          uniq_blork_the_orc

Skill      XL: |  1  2  3  4 |
---------------+-------------+-----
Stealth        | 3 |  3.8
Translocations | 1 |  1.6
Fighting       | 1 |  1.7
Shields        | 1 |  1.6
Hexes          | 1 |  1.4
Shapeshifting  | 1 |  1.4
Dodging        | |  2.8
Spellcasting   | |  2.6
Conjurations   | |  4.6

Action                     |  1- 3 |  4- 6 || total
---------------------------+-------+-------++-------
  Melee: Dagger            |    18 |       ||    18
         Short sword       |    28 |    52 ||    80
         Tentacles         |    11 |    15 ||    26
         Constrict         |    10 |    12 ||    22
   Cast: Magic Dart        |    21 |       ||    21
         Searing Ray       |     2 |    12 ||    14
   Stab: Sleeping          |     8 |     7 ||    15
 Armour: Skin              |    28 |    32 ||    60
  Dodge: Dodged            |    43 |    37 ||    80
         Form:             |       |     1 ||     1
         Death             |       |     1 ||     1

Table legend: (Time is in decaauts)
 A = Elapsed time spent in this place.
 B = Non-inter-level travel time spent in this place.
 C = Inter-level travel time spent in this place.
 D = Time resting spent in this place.
 E = Time spent auto-exploring this place.
 F = Levels seen in this place.
 G = Mean time per level.
                   A        B        C        D        E       F      G
               +--------+--------+--------+--------+--------+-----+--------+
         Total |   3342 |   3299 |     43 |    455 |   2345 |   4 |  835.5 |
       Dungeon |   3342 |   3299 |     43 |    455 |   2345 |   4 |  835.5 |
               +--------+--------+--------+--------+--------+-----+--------+

Top non-repeatable levels by time:
     D:2: 1071 daAuts
     D:1: 925 daAuts
     D:3: 911 daAuts
     D:4: 434 daAuts
